 Dungeon Sprint DCSS version 0.24.0-13-gcf9b3192b9 (webtiles) character file.

Game seed: 11579049560370031270, levelgen mode: deterministic

91 Arum the Skirmisher (level 4, -11/45 HPs)
             Began as a Naga Fighter on Nov 6, 2019.
             Was an Initiate of Qazlal.
             Shot with a bolt by a yaktaur (12 damage)
             ... in the Dungeon (Sprint V: "Ziggurat Sprint").
             The game lasted 00:02:23 (169 turns).

Arum the Skirmisher (Naga Fighter)                   Turns: 169, Time: 00:02:24

Health: -11/45     AC: 14    Str: 24    XL:     4   Next: 57%
Magic:  6/6        EV: -4    Int:  8    God:    Qazlal [......]
Gold:   0          SH: 28    Dex: 12    Spells: 3/3 levels left

rFire    + + .     SeeInvis +   I - +5 demon whip
rCold    + + .     Gourm    .   F - +18 shield of the Gong {rElec rN+ MR+ EV-5}
rNeg     + . .     Faith    .   a - +5 gold dragon scales
rPois    +         Spirit   .   (no helmet)
rElec    +         Reflect  .   (no cloak)
rCorr    .         Harm     .   (no gloves)
MR       +....     NoTele   +   (no barding)
Stlth    ..........             (no amulet)
HPRegen  0.15/turn              K - ring "Fejiah" {rF+ rC+}
MPRegen  0.10/turn              C - +6 ring of strength

@: very slow
A: large, see invisible, deformed body, poison resistance, slowness 2, slow
metabolism 1, spit poison 1, AC +1
a: Spit Poison, Renounce Religion


You were in the Dungeon.
You worshipped Qazlal.
Qazlal was noncommittal.
You were not hungry.

You visited 1 branch

Inventory:

Hand Weapons
 E - the +10 dark maul {crush}
   (You found it in the Dungeon)

   It inflicts extra damage upon your enemies.
 G - the +7 great mace "Firestarter" {inner flame, rF++}
   (You found it in the Dungeon)

   It has been specially enchanted to burn those struck by it, causing extra
   injury to most foes and up to half again as much damage against particularly
   susceptible opponents.
   It greatly protects you from fire.
 H - the +7 mace of Variability {chain chaos}
   (You found it in the Dungeon)

   Each time it hits an enemy it has a different, random effect.
 I - a +5 demon whip (weapon)
Armour
 a - +5 gold dragon scales (worn)
 F - the +18 shield of the Gong (worn) {rElec rN+ MR+ EV-5}
   (You found it in the Dungeon)

   It affects your evasion (-5).
   It insulates you from electricity.
   It protects you from negative energy.
   It affects your resistance to hostile enchantments.
Jewellery
 x - an uncursed ring of flight
 y - a +6 ring of dexterity
 z - a +6 ring of dexterity
 A - a +6 ring of intelligence
 B - a +6 ring of intelligence
 C - a +6 ring of strength (right hand)
 D - a +6 ring of strength
 K - the ring "Fejiah" (left hand) {rF+ rC+}
   (You found it in the Dungeon)

   [ring of protection from cold]

   It protects you from fire.
   It protects you from cold.
Wands
 u - a wand of disintegration (7)
 v - a wand of iceblast (7)
 w - a wand of acid (7)
Scrolls
 k - 4 scrolls of blinking
 o - 4 scrolls of amnesia
 p - 7 scrolls of fog
 q - a scroll of holy word
 r - 5 scrolls of identify
 s - 5 scrolls of remove curse
 t - 2 scrolls of fear
Potions
 b - 2 potions of brilliance
 c - 2 potions of invisibility
 d - 6 potions of might
 e - 10 potions of curing
 g - 10 potions of heal wounds
 h - 6 potions of haste
 i - 7 potions of magic
 j - 3 potions of berserk rage
 l - 4 potions of resistance
 m - a potion of experience
 n - 5 potions of agility
Miscellaneous
 J - a lightning rod (4/4)
Comestibles
 f - 7 rations


   Skills:
 + Level 4.9 Fighting
 + Level 3.6 Maces & Flails
 + Level 4.0 Armour
 + Level 4.4 Shields
 * Level 3.7 Invocations


You had 3 spell levels left.
You didn't know any spells.
Your spell library was empty.

Dungeon Overview and Level Annotations

Branches:
Dungeon (1/1)

Altars:
Ashenzari
Cheibriados
Dithmenos
Elyvilon
Fedhas
Gozag
Hepliaklqana
Kikubaaqudgha
Makhleb
Nemelex Xobeh
Okawaru
Qazlal
Ru
Sif Muna
Trog
Uskayaw
Vehumet
Wu Jian
Xom
Yredelemnul
Zin
The Shining One
Beogh
Jiyva
Lugonu

Annotations:
D 1 transporter


Innate Abilities, Weirdness & Mutations

You cannot wear boots.
Your serpentine skin is tough. (AC +1)
You have supernaturally acute eyesight. (SInv)
Armour fits poorly on your strangely shaped body.
Your system is resistant to poisons. (rPois)
You cover ground very slowly.
You have a slow metabolism.
You can spit poison.


Message History

Magic restored.
There's nothing to open nearby.
K - the ring "Fejiah" (left hand) {rF+ rC+} You feel stronger.
C - a +6 ring of strength (right hand) Unknown command.
You see here a +2 quarterstaff of protection.
There is a transporter here.
Welcome to arena 2.
You enter the transporter and appear at another place. 3 yaktaurs come into view.
The yaktaur shouts!
The yaktaur wields a cursed +0 arbalest.
The yaktaur shoots a bolt.
The bolt hits you!!
Found four items.
Found a transporter.
The yaktaur wields a +0 arbalest.
The yaktaur shoots a bolt.
The bolt hits you!!
* * * LOW HITPOINT WARNING * * *
The yaktaur wields a +0 arbalest.
The yaktaur shoots a bolt.
The bolt hits you!
You die...

▓▓▓▓▓▓▓▓▓▓▓▓▓
▓.8©8.▓.8©8.▓
▓.c::.▓.....▓
▓..cc.▓.)...▓
▓.....▓.....▓
▓.....▓.....▓
▓..@..▓..©..▓
▓..©..▓▓▓▓▓▓▓
▓▓▓▓▓▓▓


You could see 3 yaktaurs.

Vanquished Creatures
  An ice beast (D)
  A leopard gecko simulacrum (D)
2 creatures vanquished.

Notes
Turn   | Place    | Note
-------+----------+-------------------------------------------
     0 | D        | Arum the Naga Fighter began the quest for the Orb.
     0 | D        | Reached XP level 1. HP: 21/21 MP: 1/1
     0 | D        | Found a blossoming altar of Fedhas.
     1 | D        | Found the +6 Majin-Bo {vamp, Archmagi MP+6 Int+6}
     1 | D        | Found the +7 great mace "Firestarter" {inner flame, rF++}
    30 | D        | Found a shimmering blue altar of Sif Muna.
    30 | D        | Found a sacrificial altar of Ru.
    30 | D        | Found a bloodstained altar of Trog.
    30 | D        | Found a stormy altar of Qazlal.
    30 | D        | Found an iron altar of Okawaru.
    30 | D        | Found a sparkling altar of Nemelex Xobeh.
    32 | D        | Found a transporter.
    32 | D        | Found an ancient bone altar of Kikubaaqudgha.
    32 | D        | Found a viscous altar of Jiyva.
    32 | D        | Found a corrupted altar of Lugonu.
    32 | D        | Found a hazy altar of Hepliaklqana.
    32 | D        | Found a burning altar of Makhleb.
    32 | D        | Found an opulent altar of Gozag.
    61 | D        | Found the +9 heavy crossbow "Sniper" {velocity, Acc+∞ SInv}
    61 | D        | Found the +10 dark maul {crush}
    61 | D        | Found the +15 Maxwell's patent armour {-Cast -Tele rElec
                  | MR+ rCorr}
    61 | D        | Found the +18 shield of the Gong {rElec rN+ MR+ EV-5}
    61 | D        | Found the cursed +14 obsidian axe {chop, +Fly SInv *Curse}
    68 | D        | Found the +6 shillelagh "Devastator" {shatter}
    68 | D        | Found the +11 plutonium sword {*Contam Stlth-}
    68 | D        | Found the +8 lance "Wyrmbane" {slay drac, rPois rF+ rC+
                  | AC+3}
    68 | D        | Found the +9 sword of Zonguldrok {reap}
    68 | D        | Found the cursed +13 scythe of Curses {drain, *Curse}
    68 | D        | Found the +0 sword of Power
    68 | D        | Found the +7 mace of Variability {chain chaos}
    68 | D        | Found the +7 Singing Sword {slice, sonic wave}
    68 | D        | Found the +8 storm bow {elec, penet}
    89 | D        | Became a worshipper of Qazlal Stormbringer
   100 | D        | Entered arena 2.
   100 | D        | Noticed an ice beast
   100 | D        | Found a transporter.
   112 | D        | Killed an ice beast
   112 | D        | Reached XP level 2. HP: 24/31 MP: 1/4
   112 | D        | Reached XP level 3. HP: 30/38 MP: 1/5
   112 | D        | Reached XP level 4. HP: 35/45 MP: 1/6
   117 | D        | Got the ring "Fejiah" {rF+ rC+}
   168 | D        | Entered arena 3.
   168 | D        | Noticed a yaktaur
   168 | D        | Noticed a yaktaur
   168 | D        | Noticed a yaktaur
   168 | D        | Found a transporter.
   169 | D        | HP: 1/45 [yaktaur/bolt (22)]
   169 | D        | Shot with a bolt by a yaktaur

Levels and vault maps discovered:
D:        sprint_v [room_start, room_1, room_2, room_3, room_4, room_5, room_6,
          room_7, room_8, room_9, room_10, room_11, room_12, room_13, room_14,
          room_15, room_16, room_17, room_18, room_19, room_20, room_21,
          room_22, room_23, room_24, room_25, room_26, room_27]

Skill      XL: |  1 |
---------------+----+-----
Fighting       | 4 |  4.9
Maces & Flails | 3 |  3.6
Armour         | 4 |  4.0
Shields        | 4 |  4.4
Invocations    | 3 |  3.7

Action                   |  1- 3 |  4- 6 || total
-------------------------+-------+-------++-------
Melee: Demon whip        |    11 |     2 ||    13
Armor: Gold dragon scale |     5 |       ||     5
Dodge: Dodged            |     1 |       ||     1
Block: Shield            |    17 |     2 ||    19
